 Dungeon Crawl Stone Soup version 0.27.1-4-g1640c2035a (webtiles) character file.

Game seed: 17415320257918357888

1647 Naukatti the Cudgeller (level 8, -1/70 HPs)
             Began as a Minotaur Fighter on Nov 13, 2021.
             Was a Follower of Wu Jian.
             Slain by a yak (6 damage)
             ... on level 7 of the Dungeon.
             The game lasted 00:47:13 (6590 turns).

Naukatti the Cudgeller (Minotaur Fighter)           Turns: 6590, Time: 00:47:13

Health: -1/70      AC: 12    Str: 23    XL:     8   Next: 67%
Magic:  7/7        EV: 10    Int:  5    God:    Wu Jian [*.....]
Gold:   215        SH: 11    Dex: 16    Spells: 7/7 levels left

rFire    . . .     SeeInvis .   a - +0 flail
rCold    . . .     Faith    .   c - +0 kite shield
rNeg     . . .     Spirit   .   b - +0 scale mail
rPois    .         Reflect  .   (helmet restricted)
rElec    .         Harm     .   r - +2 cloak
rCorr    +         Rampage  .   (no gloves)
Will     .....                  f - +0 pair of boots
Stlth    ..........             (no amulet)
HPRegen  0.21/turn              g - ring of resist corrosion
MPRegen  0.10/turn              i - +6 ring of dexterity

@: mighty, studying Hexes
A: horns 2, retaliatory headbutt
a: Renounce Religion


You were on level 7 of the Dungeon.
You worshipped Wu Jian.
Wu Jian was aware of your devotion.
You visited 2 branches of the dungeon, and saw 8 of its levels.

You collected 215 gold pieces.

Inventory:

Hand Weapons
 a - a +0 flail (weapon)
Missiles
 o - a throwing net (quivered)
Armour
 b - a +0 scale mail (worn)
 c - a +0 kite shield (worn)
 f - a +0 pair of boots (worn)
 r - a +2 cloak (worn)
Jewellery
 g - a ring of resist corrosion (left hand)
 i - a +6 ring of dexterity (right hand)
Wands
 t - a wand of iceblast (11)
Scrolls
 e - 3 scrolls of identify
 h - a scroll of magic mapping {unknown}
 j - 2 scrolls of enchant weapon {unknown}
 l - 2 scrolls of enchant armour
 m - a scroll of blinking {unknown}
 n - a scroll of brand weapon {unknown}
 p - a scroll of silence {unknown}
 s - a scroll of vulnerability {unknown}
Potions
 d - a potion of might
 q - a potion of heal wounds {unknown}
 u - a potion of attraction {unknown}


   Skills:
 + Level 6.0 Fighting
 + Level 7.2 Maces & Flails
 + Level 7.1 Armour
 + Level 4.2 Dodging
 + Level 1.2 Stealth
 + Level 7.2 Shields


You had 7 spell levels left.
You didn't know any spells.
Your spell library contained the following spells:

 Spells                   Type           Power      Damage    Failure   Level
 Sandblast                Erth           0%         2d4       98%         1
 Corpse Rot               Necr/Air       N/A        N/A       99%         2
 Passwall                 Tmut/Erth      0%         N/A       99%         2
 Ignite Poison            Fire/Tmut/Pois 0%         N/A       100%        3
 Mephitic Cloud           Conj/Pois/Air  0%         N/A       100%        3
 Summon Guardian Golem    Hex/Summ       0%         N/A       100%        3
 Animate Armour           Summ/Erth      0%         N/A       100%        4
 Dispel Undead            Necr           0%         3d6       100%        4
 Blade Hands              Tmut           0%         N/A       100%        5
 Bolt of Magma            Conj/Fire/Erth 0%         4d4       100%        5
 Lee's Rapid Deconstruct  Erth           0%         3d5*      100%        5
 Death Channel            Necr           0%         N/A       100%        6
 Iron Shot                Conj/Erth      0%         9d1       100%        6
 Orb of Destruction       Conj           0%         N/A       100%        7
 Spellforged Servitor     Conj/Summ      0%         N/A       100%        7


Dungeon Overview and Level Annotations

Branches:
Dungeon (7/15)             Temple (1/1) D:5

Altars:
Ashenzari
Hepliaklqana
Qazlal
Wu Jian
The Shining One

Shops:
D:3 [


Innate Abilities, Weirdness & Mutations

You have a pair of horns on your head.
You reflexively headbutt those who attack you in melee.


Message History

2 yaks come into view.
The yak bellows!
You hear a bellow!
A yak comes into view.
You lunge at the yak.
You hit the yak but do no damage. You headbutt the yak!
The yak is lightly wounded.
The yak completely misses you. You furiously retaliate!
You headbutt the yak. You barely miss the yak. You headbutt the yak.
The yak is heavily wounded.
The yak gores you.
* * * LOW HITPOINT WARNING * * *
You thump the yak! Your headbutt misses the yak.
The yak is moderately wounded.
You block the yak's attack.
You thump the yak! You headbutt the yak!
The yak is almost dead.
You block the yak's attack.
You feel very mighty all of a sudden. The yak gores you!
* * * LOW HITPOINT WARNING * * *
You hit the yak.
The yak is almost dead.
The yak barely misses you.
You hit the yak.
You kill the yak!
The Council accepts your kill.
Your Fighting skill increases to level 6!
Your Armour skill increases to level 7!
Your Shields skill increases to level 7!
You hit the yak.
The yak is lightly wounded.
The yak barely misses you.
You hit the yak. Your headbutt misses the yak.
The yak is moderately wounded.
You block the yak's attack.
You hit the yak. Your headbutt misses the yak.
The yak is heavily wounded.
The yak gores you.
* * * LOW HITPOINT WARNING * * *
The yak gores you.
You die...

#..Y ..Y
#.#.###
#.....#
###.#.# #
#.#.# .#
#.#.#####.#
#....##...#
#..#..Y@.#
##...##Y.#
##.##......
#..
#...####
.... #...#
.##.. #...#
. #.# .....
.# ....#


You could see 2 yaks.

Vanquished Creatures
  A yak (D:7)
  2 water moccasins (D:6)
  An ice beast (D:6)
  An ogre (D:6)
  A necrophage (D:5)
  A phantom (D:5)
  A kobold brigand (D:6)
  4 scorpions
  A howler monkey (D:5)
  A centaur zombie (D:6)
  A jelly (D:5)
  2 bullfrog skeletons
  4 hounds
  A centaur skeleton (D:3)
  2 iguanas (D:5)
  3 orc wizards
  A hound zombie (D:5)
  2 hound skeletons
  A howler monkey zombie (D:5)
  9 adders
  A worm (D:2)
  5 dart slugs
  14 orcs
  9 ball pythons
  7 bats
  9 endoplasms
  A giant cockroach (D:2)
  5 goblins
  6 hobgoblins
  2 quokkas
  2 frilled lizards
  10 kobolds
  6 rats
117 creatures vanquished.

Notes
Turn   | Place    | Note
-------+----------+-------------------------------------------
     0 | D:1      | Naukatti the Minotaur Fighter began the quest for the Orb.
     0 | D:1      | Reached XP level 1. HP: 19/19 MP: 0/0
   259 | D:1      | Reached XP level 2. HP: 27/27 MP: 1/1
   379 | D:1      | Found a faded altar of an unknown god.
   824 | D:1      | Reached XP level 3. HP: 31/33 MP: 2/2
  1894 | D:2      | Found a stormy altar of Qazlal.
  2168 | D:3      | You fall into a shaft and drop 1 floor!
  2177 | D:4      | Reached XP level 4. HP: 18/40 MP: 3/3
  2465 | D:4      | Reached skill level 1 in Dodging
  2736 | D:3      | Found Qesauch's Armour Shoppe.
  3000 | D:3      | Reached XP level 5. HP: 42/46 MP: 4/4
  3616 | D:4      | Reached skill level 5 in Shields
  3616 | D:4      | Reached XP level 6. HP: 51/53 MP: 5/5
  3985 | D:4      | Reached skill level 5 in Armour
  4361 | D:5      | Entered Level 5 of the Dungeon
  4369 | D:5      | Reached skill level 5 in Fighting
  4395 | D:5      | Reached XP level 7. HP: 56/61 MP: 6/6
  4609 | D:5      | Reached skill level 5 in Maces & Flails
  4629 | D:5      | HP: 2/61 [something (2)]
  4637 | D:5      | Found a staircase to the Ecumenical Temple.
  4654 | Temple   | Entered the Ecumenical Temple
  4931 | Temple   | Became a worshipper of the Wu Jian Council
  5156 | D:5      | Reached skill level 1 in Stealth
  5509 | D:6      | Reached XP level 8. HP: 30/70 MP: 7/7
  6477 | D:6      | Reached * piety under Wu Jian
  6496 | D:6      | HP: 1/70 [orc priest/divine providence (11)]
  6590 | D:7      | Slain by a yak

Illustrated notes

Levels and vault maps discovered:
D:1:      kilobyte_arrival_exit_the_forest, layout_loops_cross,
          hellmonk_ecumenical_altar_run_dry
D:2:      layout_basic, basic_altar, minmay_diced_spiral
D:3:      layout_basic, serial_shops, shop
D:4:      layout_cave_pods, minmay_fountain_box
D:5:      minmay_recursive_quarters, layout_rooms,
          minmay_temple_entry_mini_moons
D:6:      layout_cave_pools
D:7:      layout_loops_ring
Temple:   eino_temple_scatter_basement

Skill      XL: |  1  2  3  4  5  6  7  8 |
---------------+-------------------------+-----
Fighting       | 4 5 6 |  6.0
Armour         | 4 5 6 7 |  7.1
Shields        | 4 5 6 7 |  7.2
Maces & Flails | 3 4 6 7 |  7.2
Dodging        | 2 3 4 |  4.2
Stealth        | 1 |  1.2

Action                   |  1- 3 |  4- 6 |  7- 9 || total
-------------------------+-------+-------+-------++-------
Melee: Flail             |    84 |    88 |   139 ||   311
       Headbutt          |    19 |    24 |    29 ||    72
Invok: Lunge             |       |       |     8 ||     8
  Use: Potion            |       |       |     5 ||     5
       Scroll            |       |       |     3 ||     3
Armor: Scale mail        |    40 |    50 |    86 ||   176
       Skin              |       |       |    12 ||    12
Dodge: Dodged            |    31 |    30 |    58 ||   119
Block: Kite shield       |    41 |    50 |   122 ||   213
